[Event "Titled Tuesday Blitz November 07 Late 2023"]
[White "Baches Garcia, Guillermo"]
[Black "Szente Varga, Fruzsina"]
[WhiteFideId "2209764"]
[BlackFideId "712264"]
[WhiteElo "2458"]
[BlackElo "2314"]
[Result "1-0"]
[Round "6"]
[TimeControl "180+1"]
[Date "2023.11.07"]
[WhiteClock "0:00:45"]
[BlackClock "0:00:17"]
[Board "113"]

1. d4 Nf6 2. Nf3 g6 3. Bg5 Bg7 4. Nbd2 d5 5. e3 O-O 6. Be2 Ne4 7. Bh4 c5 8. c3 Nc6 9. O-O cxd4 10. exd4 Bf5 11. Re1 Re8 12. Nf1 Qb6 13. Qb3 Qxb3 14. axb3 a6 15. Ne3 e6 16. Nxf5 exf5 17. Bd3 Bh6 18. Bxe4 dxe4 19. Bg5 Kg7 20. Bxh6+ Kxh6 21. Nd2 Kg5 22. Nc4 Rad8 23. f3 exf3 24. gxf3 Kf4 25. Kf2 g5 26. Ne3 g4 27. Nd5+ Kg5 28. f4+ Kh4 29. Ne3 Re4 30. Nxf5+ Kh3 31. Rxe4 1-0


[Site "https://www.chess.com"]

[Event "Titled Tuesday Blitz November 07 Late 2023"]
[White "Halak, Miklos"]
[Black "Nita, Lucian"]
[WhiteFideId "726400"]
[BlackFideId "1206923"]
[WhiteElo "2438"]
[BlackElo "2312"]
[Result "1-0"]
[Round "6"]
[TimeControl "180+1"]
[Date "2023.11.07"]
[WhiteClock "0:00:21"]
[BlackClock "0:00:19"]
[Board "114"]

1. e4 d6 2. d4 Nf6 3. Nc3 e5 4. Nf3 Nbd7 5. g3 Be7 6. Bg2 O-O 7. O-O c6 8. a4 Qc7 9. a5 Re8 10. Re1 Nf8 11. d5 cxd5 12. exd5 Bd7 13. Ng5 Rac8 14. Ra3 h6 15. Nge4 Nxe4 16. Bxe4 f5 17. Bg2 Nh7 18. Be3 b5 19. axb6 axb6 20. Qa1 b5 21. Ra7 Qd8 22. Qa6 Rb8 23. Ra1 b4 24. Na4 Bb5 25. Qa5 Qxa5 26. Rxa5 Nf6 27. Nb6 e4 28. Rxb5 Bd8 29. Bf1 Re7 30. Na4 Rc8 31. c4 bxc3 32. Nxc3 g5 33. Bd4 Ng4 34. h3 Ne5 35. Bxe5 Rxe5 36. Ra7 f4 37. Rbb7 Bf6 38. Rf7 Rf8 39. Rxf8+ Kxf8 40. gxf4 gxf4 41. Rd7 Rg5+ 42. Kh1 Bxc3 43. bxc3 Rxd5 44. Bc4 Rd1+ 45. Kg2 Ke8 46. Rh7 Rc1 47. Bb5+ Kf8 48. Rxh6 Rxc3 49. Rxd6 e3 50. fxe3 Rxe3 51. Rf6+ Kg7 52. Rxf4 Rb3 53. Be2 Kh6 54. Bf3 Kg5 55. Kg3 Rb1 56. h4+ Kg6 57. Be4+ Kh6 58. Bxb1 1-0


[Site "https://www.chess.com"]

[Event "Titled Tuesday Blitz November 07 Late 2023"]
[White "Martins, Vinicius Tine"]
[Black "Quirke, Jeffrey"]
[WhiteFideId "2112884"]
[BlackFideId "2013029"]
[WhiteElo "2397"]
[BlackElo "2249"]
[Result "0-1"]
[Round "6"]
[TimeControl "180+1"]
[Date "2023.11.07"]
[WhiteClock "0:00:06"]
[BlackClock "0:01:14"]
[Board "115"]

1. d4 Nf6 2. Bf4 g6 3. Nf3 Bg7 4. c4 O-O 5. Nc3 d5 6. e3 c5 7. Rc1 Nc6 8. cxd5 cxd4 9. dxc6 dxc3 10. Qxd8 Rxd8 11. c7 Rf8 12. Rxc3 Nd5 13. Rb3 Nxf4 14. exf4 b6 15. Bb5 Be6 16. Re3 Rac8 17. b3 Rxc7 18. O-O Bd5 19. Ne5 e6 20. Bc4 Bxe5 21. Bxd5 Bxf4 22. Rd3 exd5 0-1


[Site "https://www.chess.com"]

[Event "Titled Tuesday Blitz November 07 Late 2023"]
[White "Gerbelli Neto, Eduardo"]
[Black "Bullen, Alex"]
[WhiteFideId "2103281"]
[BlackFideId "1801627"]
[WhiteElo "2386"]
[BlackElo "2229"]
[Result "1-0"]
[Round "6"]
[TimeControl "180+1"]
[Date "2023.11.07"]
[WhiteClock "0:01:37"]
[BlackClock "0:00:44"]
[Board "116"]

1. e4 e6 2. d4 d5 3. Nc3 Nf6 4. e5 Nfd7 5. Nf3 c5 6. dxc5 Nc6 7. Bf4 Bxc5 8. Bd3 Nb4 9. O-O Nxd3 10. cxd3 O-O 11. d4 Be7 12. Qd2 b6 13. Nb5 Ba6 14. a4 Bxb5 15. axb5 Qb8 16. Rfc1 Rc8 17. Rxc8+ Qxc8 18. Rc1 Qb7 19. Qc2 h6 20. Qc7 Rb8 21. g4 g5 22. Bd2 Kf8 23. h4 gxh4 24. Bxh6+ Ke8 25. Qxb7 Rxb7 26. Rc8+ Bd8 27. Bg5 f6 28. exf6 Rc7 29. f7+ Kxf7 30. Rxd8 h3 31. Rxd7+ Rxd7 32. Ne5+ 1-0


[Site "https://www.chess.com"]

[Event "Titled Tuesday Blitz November 07 Late 2023"]
[White "Silvestre, Christian"]
[Black "Melikhov, Evgeny V."]
[WhiteFideId "30956269"]
[BlackFideId "4122046"]
[WhiteElo "2211"]
[BlackElo "2379"]
[Result "0-1"]
[Round "6"]
[TimeControl "180+1"]
[Date "2023.11.07"]
[WhiteClock "0:00:02"]
[BlackClock "0:00:18"]
[Board "117"]

1. e4 c5 2. Nc3 Nc6 3. f4 g6 4. Nf3 Bg7 5. Bc4 e6 6. d3 Nge7 7. f5 O-O 8. fxe6 fxe6 9. O-O d5 10. Bb3 d4 11. Ne2 Na5 12. Qe1 Nxb3 13. axb3 Nc6 14. Bg5 Qc7 15. Qh4 e5 16. Bh6 Bxh6 17. Qxh6 Qg7 18. Qh4 Bd7 19. c3 a5 20. Nd2 Be6 21. Nc4 Bxc4 22. bxc4 b6 23. cxd4 cxd4 24. Rxf8+ Rxf8 25. Rf1 Rxf1+ 26. Kxf1 Qf7+ 27. Ke1 Kg7 28. Qg3 Qe7 29. Kf2 Qb4 30. Qg4 Ne7 31. Qe6 Kf8 32. Qf6+ Ke8 33. Qxe5 Qxb2 34. Qxd4 Qxd4+ 35. Nxd4 a4 36. Nb5 Nc6 37. Ke3 Kd7 38. d4 Nb4 39. Kd2 Nc6 40. Kc3 h5 41. d5 Ne5 42. Kb4 h4 43. Nc3 a3 44. Kxa3 Nxc4+ 45. Kb4 Ne3 46. g3 h3 47. Ne2 Nf1 48. Nf4 Nxg3 49. Nxh3 Nxe4 50. Nf4 g5 51. Nd3 Kd6 52. Kc4 Nf6 53. Nb4 Ng4 54. h3 Nf2 55. Kd4 Nxh3 56. Ke3 Nf4 57. Kf3 Nxd5 58. Nd3 Nf6 59. Nb4 Kc5 60. Nd3+ Kd4 61. Nb4 b5 62. Nc6+ Kc3 63. Ne7 b4 0-1


[Site "https://www.chess.com"]

[Event "Titled Tuesday Blitz November 07 Late 2023"]
[White "claudiuprunescu"]
[Black "Hoffmann, Asa"]
[BlackFideId "2001470"]
[WhiteElo "2207"]
[BlackElo "2372"]
[Result "1/2-1/2"]
[Round "6"]
[TimeControl "180+1"]
[Date "2023.11.07"]
[WhiteClock "0:00:43"]
[BlackClock "0:01:08"]
[Board "118"]

1. e4 d6 2. d4 Nf6 3. Nc3 c6 4. Nf3 Bg4 5. h3 Bh5 6. Be2 e6 7. O-O d5 8. Bg5 Be7 9. e5 Nfd7 10. Bxe7 Qxe7 11. Qd2 a6 12. Na4 b5 13. Nc3 c5 14. dxc5 Nxc5 15. Nd4 Bg6 16. f4 b4 17. Nd1 Ne4 18. Qe3 Nd7 19. c3 bxc3 20. Nxc3 O-O 21. Nxe4 Bxe4 22. Bd3 Bxd3 23. Qxd3 Nc5 24. Qa3 Rfe8 25. Rac1 Ne4 26. Qxe7 Rxe7 27. Rc6 g6 28. Rfc1 Rb7 29. b3 a5 30. Rc7 Rab8 31. Kf1 Rxc7 32. Rxc7 a4 33. Ke2 axb3 34. axb3 Rb4 35. Kd3 Rb8 36. Kc2 h5 37. h4 Ra8 38. Kb2 Rb8 39. Nc6 Rb6 40. Ne7+ Kg7 41. Nc8 Rb8 42. Nd6 Nxd6 43. exd6 Rd8 44. d7 Kf6 45. Kc3 Ke7 46. b4 Rxd7 47. Rc8 Rb7 48. g3 Kf6 49. Rf8 Kf5 50. b5 Kg4 51. Kb4 Kxg3 52. Kc5 Kxh4 53. Kc6 Re7 54. Kd6 Rb7 55. Kc6 Rxb5 56. Kxb5 Kg4 57. Rxf7 h4 58. Rf6 h3 59. Rxg6+ Kxf4 60. Rxe6 h2 61. Rh6 Kg3 62. Kc5 Kg2 63. Kxd5 h1=Q 64. Rxh1 Kxh1 1/2-1/2


[Site "https://www.chess.com"]

[Event "Titled Tuesday Blitz November 07 Late 2023"]
[White "kalxandria"]
[Black "Ward, Ieuan C"]
[BlackFideId "406627"]
[WhiteElo "2191"]
[BlackElo "2344"]
[Result "1-0"]
[Round "6"]
[TimeControl "180+1"]
[Date "2023.11.07"]
[WhiteClock "0:01:28"]
[BlackClock "0:01:25"]
[Board "119"]

1. e4 c5 2. Nf3 d6 3. d4 cxd4 4. Nxd4 Nf6 5. Nc3 a6 6. Bg5 e6 7. f4 Be7 8. Qf3 Qc7 9. O-O-O Nbd7 10. g4 b5 11. Bxf6 Nxf6 12. g5 Nd7 13. Rg1 b4 14. Nce2 Bb7 15. f5 Ne5 16. Qh3 Bxe4 17. fxe6 f6 18. gxf6 Bxf6 19. Ng3 Bg6 20. Ngf5 Rc8 21. Bxa6 O-O 22. Bxc8 Rxc8 23. e7 Bxf5 24. Qxf5 Qxe7 25. Qxc8+ 1-0


[Site "https://www.chess.com"]

[Event "Titled Tuesday Blitz November 07 Late 2023"]
[White "Ghosh, Chanchal Kumer"]
[Black "TheAlienParty"]
[WhiteFideId "10201858"]
[WhiteElo "2068"]
[BlackElo "2337"]
[Result "0-1"]
[Round "6"]
[TimeControl "180+1"]
[Date "2023.11.07"]
[WhiteClock "0:00:00"]
[BlackClock "0:00:49"]
[Board "120"]

1. e4 e5 2. Nf3 Nc6 3. Bc4 Bc5 4. c3 Nf6 5. d4 exd4 6. cxd4 Bb4+ 7. Nc3 Nxe4 8. O-O Bxc3 9. d5 Ne7 10. bxc3 d6 11. Re1 Nf6 12. Bg5 O-O 13. Bxf6 gxf6 14. Nd4 Ng6 15. Qf3 Bd7 16. Nf5 Bxf5 17. Qxf5 Kg7 18. Bd3 Re8 19. h4 Re5 20. Qg4 h5 21. Qg3 Rxd5 22. Rad1 f5 23. Bc2 Rxd1 24. Rxd1 Qxh4 25. Bxf5 Qxg3 26. fxg3 Re8 27. Rb1 b6 28. a4 a5 29. Rd1 Re5 30. Bc2 f5 31. Rd3 Kf6 32. Kf2 Rc5 33. Rf3 Kg5 34. Ke3 Rxc3+ 35. Kd4 Rxc2 0-1


[Site "https://www.chess.com"]

[Event "Titled Tuesday Blitz November 07 Late 2023"]
[White "bettercallcafu"]
[Black "Kopacz, Grzegorz"]
[BlackFideId "1109880"]
[WhiteElo "2711"]
[BlackElo "2229"]
[Result "1-0"]
[Round "6"]
[TimeControl "180+1"]
[Date "2023.11.07"]
[WhiteClock "0:02:17"]
[BlackClock "0:00:50"]
[Board "121"]

1. d4 Nf6 2. Nc3 d5 3. Bf4 a6 4. e3 g6 5. Nf3 Bg7 6. Be2 Bg4 7. h3 Bxf3 8. Bxf3 c6 9. h4 h5 10. Qd3 Nbd7 11. O-O-O Qa5 12. Kb1 b5 13. e4 e6 14. Bd6 b4 15. Ne2 Qb6 16. Nf4 a5 17. e5 Ng4 18. Bxg4 hxg4 19. Nxe6 Bh6 20. Nc7+ 1-0


[Site "https://www.chess.com"]

[Event "Titled Tuesday Blitz November 07 Late 2023"]
[White "Hajiyev, Kanan"]
[Black "Cooper, Aaron"]
[WhiteFideId "13404148"]
[BlackFideId "2634945"]
[WhiteElo "2470"]
[BlackElo "2245"]
[Result "1-0"]
[Round "6"]
[TimeControl "180+1"]
[Date "2023.11.07"]
[WhiteClock "0:00:52"]
[BlackClock "0:00:00"]
[Board "122"]

1. d4 g6 2. Nf3 Bg7 3. g3 d6 4. Bg2 Nf6 5. O-O O-O 6. b3 c5 7. Bb2 cxd4 8. Nxd4 Nbd7 9. c4 a6 10. Nc3 Rb8 11. Qd2 Re8 12. Rad1 Qa5 13. Rfe1 Ne5 14. h3 Bd7 15. Kh2 Nc6 16. Nd5 Qxd2 17. Nxf6+ Bxf6 18. Rxd2 Bxd4 19. Bxd4 Nxd4 20. Rxd4 Be6 21. Red1 Rec8 22. f4 b5 23. cxb5 axb5 24. e4 Rc2 25. R1d2 Rbc8 26. g4 f6 27. f5 Bf7 28. h4 R8c5 29. Bf3 Kg7 30. Kg2 g5 31. h5 h6 32. Kf2 Be8 33. Ke2 Bc6 34. Rxc2 Rxc2+ 35. Rd2 Rc5 36. Kd3 Kf7 37. Rc2 Ke8 38. b4 Rxc2 39. Kxc2 Kd7 40. Kc3 Kc7 41. Kd4 Kd7 42. Bd1 e6 43. fxe6+ Kxe6 44. Bb3+ Ke7 45. Bd5 Bd7 46. Bb7 Bxg4 47. Ba6 Bd7 48. Kd5 g4 49. Kd4 Ke6 50. Bb7 f5 51. Ke3 Ke5 52. exf5 Kxf5 53. Be4+ Kg5 54. Bg6 Bf5 55. Be8 Bb1 56. a3 Ba2 57. Bxb5 Kxh5 58. Be8+ Kg5 59. b5 Bd5 60. Bc6 1-0


[Site "https://www.chess.com"]

[Event "Titled Tuesday Blitz November 07 Late 2023"]
[White "Broca Jimenez, Fernando"]
[Black "Haitin, Ilja"]
[WhiteFideId "5104742"]
[BlackFideId "4501764"]
[WhiteElo "2249"]
[BlackElo "2408"]
[Result "0-1"]
[Round "6"]
[TimeControl "180+1"]
[Date "2023.11.07"]
[WhiteClock "0:00:19"]
[BlackClock "0:00:08"]
[Board "123"]

1. e4 e5 2. Nf3 Nc6 3. Bb5 d6 4. d4 exd4 5. Qxd4 Bd7 6. Bxc6 bxc6 7. Nc3 Nf6 8. Bg5 Be7 9. O-O-O c5 10. Qd3 O-O 11. Rhe1 Be6 12. e5 dxe5 13. Qe3 Qb8 14. Nxe5 Qb6 15. Nc4 Qb4 16. Ne5 Rab8 17. b3 Qa3+ 18. Kb1 c4 19. Nc6 cxb3 20. cxb3 Bxb3 21. axb3 Rxb3+ 22. Kc2 Qb2+ 23. Kd3 Rxc3+ 24. Kd4 Rxe3+ 25. Kxe3 Qb6+ 26. Nd4 Bc5 27. Bxf6 gxf6 28. Ke4 Re8+ 29. Kd5 Rxe1 30. Rxe1 Bxd4 31. Re8+ Kg7 32. Rd8 Qc5+ 33. Ke4 Qe5+ 34. Kd3 Bb6 35. Kd2 Qg5+ 36. Kc2 Qxg2 37. Rd2 Qxf2 38. Rxf2 Bxf2 39. Kd3 Bg1 40. Ke2 Bxh2 41. Kf3 Bd6 42. Kf2 h5 43. Kg2 a5 44. Kh3 a4 45. Kg2 a3 46. Kh3 a2 47. Kg2 a1=Q 48. Kf3 Qe5 49. Kg2 Qg3+ 50. Kf1 Qh2 51. Ke1 Bf4 52. Kf1 h4 53. Ke1 Qg2 54. Kd1 Qd2# 0-1


[Site "https://www.chess.com"]

[Event "Titled Tuesday Blitz November 07 Late 2023"]
[White "Dwilewicz, Katarzyna"]
[Black "Alice, Mateus Felizardo Viageiro"]
[WhiteFideId "1148486"]
[BlackFideId "14800047"]
[WhiteElo "2347"]
[BlackElo "2196"]
[Result "1-0"]
[Round "6"]
[TimeControl "180+1"]
[Date "2023.11.07"]
[WhiteClock "0:01:51"]
[BlackClock "0:00:26"]
[Board "124"]

1. e4 c5 2. Ne2 d6 3. g3 Nf6 4. Bg2 Nc6 5. c3 e6 6. d4 cxd4 7. cxd4 Be7 8. O-O O-O 9. Nbc3 a6 10. h3 Bd7 11. Be3 Rc8 12. Rc1 Na5 13. b3 e5 14. Qd2 Nc6 15. Rfd1 b5 16. Nd5 exd4 17. Nxd4 Nxd5 18. exd5 Nxd4 19. Bxd4 Bf6 20. Rxc8 Re8 21. Rxd8 Rxd8 22. Bxf6 gxf6 23. Qf4 Rc8 24. Qxd6 Be8 25. Qxf6 b4 26. d6 Bd7 27. Qe7 Bf5 28. d7 Bxd7 29. Qxd7 Rf8 30. Rd4 h5 31. Bd5 Kg7 32. Rf4 Kh6 33. Rxf7 Rg8 34. Rf6+ Rg6 35. Rxg6+ Kxg6 36. Qf7+ Kg5 37. Be4 h4 38. Qg7+ Kh5 39. g4# 1-0


[Site "https://www.chess.com"]

[Event "Titled Tuesday Blitz November 07 Late 2023"]
[White "rikchessmx"]
[Black "Ismayilova, Khanim"]
[BlackFideId "13429019"]
[WhiteElo "2338"]
[BlackElo "2164"]
[Result "1-0"]
[Round "6"]
[TimeControl "180+1"]
[Date "2023.11.07"]
[WhiteClock "0:01:18"]
[BlackClock "0:00:02"]
[Board "125"]

1. e4 c5 2. Nf3 Nc6 3. d4 cxd4 4. Nxd4 Nf6 5. Nxc6 bxc6 6. Bd3 e6 7. O-O d5 8. Qe2 Bc5 9. Nc3 O-O 10. Bg5 h6 11. Bh4 Be7 12. e5 Nd7 13. Bg3 Bh4 14. Na4 Bxg3 15. hxg3 c5 16. c4 Bb7 17. b3 d4 18. Rae1 Qc7 19. f4 Nb6 20. Nb2 a5 21. a4 Qc6 22. Rf2 Nd7 23. g4 Qc7 24. g5 hxg5 25. Qh5 g6 26. Qxg5 Qd8 27. Qh6 Qe7 28. Be4 Bxe4 29. Rxe4 Rfd8 30. Rf3 Qf8 31. Qg5 Qg7 32. Nd3 Rab8 33. Nf2 Re8 34. Ng4 Rb7 35. Rh3 Reb8 36. Nf6+ Kf8 37. Rh7 Nxf6 38. Rxg7 Nxe4 39. Qh6 Rxb3 40. f5 Rb1+ 41. Kh2 Nf2 42. Qh8+ Ke7 43. Qh4+ Kf8 44. f6 Rh1+ 45. Kg3 Rxh4 46. Kxh4 d3 47. Kg3 d2 48. Rh7 Rb3+ 49. Kxf2 Ke8 50. Ke2 Rb2 51. Rh8+ Kd7 52. Rf8 d1=Q+ 53. Kxd1 Rxg2 54. Rxf7+ Ke8 55. Re7+ Kf8 56. Rxe6 Rf2 57. Rc6 g5 58. Rxc5 g4 59. Ke1 g3 60. Rd5 Rf3 61. Rd4 Re3+ 62. Kf1 Rxe5 63. Kg2 Re6 64. Kxg3 Rxf6 65. Rd5 Ra6 66. Rb5 Ke7 67. Kf4 Kd6 68. Ke4 Rc6 69. Kd4 Ra6 70. c5+ Kc6 71. Kc4 Ra8 72. Rb6+ Kc7 73. Kb5 Ra7 74. Rh6 Ra8 75. Rh7+ Kb8 76. Kb6 Ra7 77. Rxa7 Kc8 78. Rxa5 Kb8 79. c6 Kc8 80. Ra8# 1-0


[Site "https://www.chess.com"]

[Event "Titled Tuesday Blitz November 07 Late 2023"]
[White "Tokat, Nehir"]
[Black "Martinez, Shawn"]
[WhiteFideId "34557555"]
[BlackFideId "2039770"]
[WhiteElo "2164"]
[BlackElo "2329"]
[Result "0-1"]
[Round "6"]
[TimeControl "180+1"]
[Date "2023.11.07"]
[WhiteClock "0:00:06"]
[BlackClock "0:00:06"]
[Board "126"]

1. d4 g5 2. Bxg5 Bg7 3. c3 c5 4. dxc5 Qa5 5. Nf3 Qxc5 6. Be3 Qh5 7. g3 Nc6 8. Bg2 d5 9. O-O Bg4 10. Nbd2 Nf6 11. Re1 e5 12. Qa4 a6 13. Qb3 O-O-O 14. a4 Bh3 15. Qc2 Ng4 16. Bxh3 Qxh3 17. Qf5+ Kb8 18. Nf1 f6 19. b4 Rd6 20. b5 Ne7 21. Qc2 Nxe3 22. Nxe3 Bh6 23. Ng2 Rg8 24. bxa6 Rxa6 25. Qxh7 Rg7 26. Qc2 e4 27. Nd4 f5 28. Rab1 f4 29. Qb3 Qd7 30. c4 e3 31. cxd5 exf2+ 32. Kxf2 fxg3+ 33. hxg3 Nxd5 34. Qb5 Be3+ 35. Kf1 Rf7+ 36. Nf4 Rxf4+ 37. gxf4 Qh3# 0-1


[Site "https://www.chess.com"]

[Event "Titled Tuesday Blitz November 07 Late 2023"]
[White "Davidson, Kevin"]
[Black "Petersson, Kjell"]
[WhiteFideId "2056810"]
[BlackFideId "1705148"]
[WhiteElo "2306"]
[BlackElo "2139"]
[Result "1-0"]
[Round "6"]
[TimeControl "180+1"]
[Date "2023.11.07"]
[WhiteClock "0:00:12"]
[BlackClock "0:00:18"]
[Board "127"]

1. e4 c5 2. Nf3 d6 3. d4 cxd4 4. Nxd4 Nf6 5. Nc3 g6 6. Be3 Bg7 7. f3 O-O 8. Qd2 Nc6 9. O-O-O d5 10. Qe1 e5 11. Nxc6 bxc6 12. exd5 Nxd5 13. Bc4 Be6 14. Ne4 Qc7 15. Bc5 Rfd8 16. g4 Nf4 17. Bxe6 Nxe6 18. Bd6 Qb6 19. h4 h6 20. h5 g5 21. Qc3 Nd4 22. Kb1 a5 23. Be7 Rd7 24. Nf6+ Bxf6 25. Bxf6 Rd5 26. Rhe1 Re8 27. b3 Ne2 28. Qc4 Nd4 29. Bxe5 Rexe5 30. Rxe5 Rxe5 31. Qxd4 Qxd4 32. Rxd4 Re3 33. Rd3 Re5 34. Kb2 f5 35. Rc3 c5 36. Ka3 Kf7 37. Ka4 fxg4 38. fxg4 Re4+ 39. Rc4 Rxg4 40. Rxg4 Kf6 41. Rc4 Kf5 42. Rxc5+ Kf4 43. Rc6 g4 44. Rxh6 g3 45. Rg6 Kf3 46. h6 g2 47. h7 Kf2 48. h8=Q g1=Q 49. Qf6+ 1-0


[Site "https://www.chess.com"]

[Event "Titled Tuesday Blitz November 07 Late 2023"]
[White "VitaliyChayka"]
[Black "Bogaudinov, Rushan"]
[BlackFideId "4129288"]
[WhiteElo "2135"]
[BlackElo "2306"]
[Result "0-1"]
[Round "6"]
[TimeControl "180+1"]
[Date "2023.11.07"]
[WhiteClock "0:00:02"]
[BlackClock "0:01:38"]
[Board "128"]

1. d4 d5 2. Bf4 c6 3. e3 Bf5 4. c4 Bxb1 5. Rxb1 Qa5+ 6. b4 Qxa2 7. cxd5 Nf6 8. Ra1 Qxd5 9. Bxb8 Rxb8 10. Rxa7 e5 11. Nf3 Bxb4+ 12. Ke2 e4 13. Nd2 O-O 14. f3 Rfe8 15. Kf2 c5 16. Bc4 Qf5 17. Rf1 cxd4 0-1


[Site "https://www.chess.com"]

[Event "Titled Tuesday Blitz November 07 Late 2023"]
[White "Osmonbekov, Talaibek"]
[Black "Yushko, Olga"]
[WhiteFideId "2017253"]
[BlackFideId "14114500"]
[WhiteElo "2296"]
[BlackElo "2109"]
[Result "1-0"]
[Round "6"]
[TimeControl "180+1"]
[Date "2023.11.07"]
[WhiteClock "0:01:15"]
[BlackClock "0:01:57"]
[Board "129"]

1. d4 e6 2. Nc3 d5 3. Bf4 Nf6 4. e3 Be7 5. Nf3 O-O 6. Bd3 c5 7. dxc5 Bxc5 8. O-O Nc6 9. e4 dxe4 10. Nxe4 Nxe4 11. Bxe4 Qf6 12. Qc1 e5 13. Bg5 Qd6 14. Rd1 Qc7 15. c3 f5 16. Bd5+ Kh8 17. b4 Bb6 18. a3 e4 19. Bf4 Qe7 20. Bxc6 bxc6 21. Bd6 Qf6 22. Bxf8 exf3 23. Bc5 Bc7 24. Qe3 Be6 25. Qxf3 Bd5 26. Rxd5 cxd5 27. Qxd5 Qxc3 28. Qxa8+ 1-0


[Site "https://www.chess.com"]

[Event "Titled Tuesday Blitz November 07 Late 2023"]
[White "Mesa Cruz, Juan Carlos"]
[Black "Powell, Paul"]
[WhiteFideId "6423400"]
[BlackFideId "2005840"]
[WhiteElo "2292"]
[BlackElo "2080"]
[Result "1-0"]
[Round "6"]
[TimeControl "180+1"]
[Date "2023.11.07"]
[WhiteClock "0:00:15"]
[BlackClock "0:00:00"]
[Board "130"]

1. e4 c5 2. Nf3 d6 3. Bb5+ Bd7 4. Bxd7+ Qxd7 5. c4 Nc6 6. d4 cxd4 7. Nxd4 Nf6 8. Nc3 g6 9. O-O Bg7 10. f3 O-O 11. Be3 Rac8 12. b3 Nxd4 13. Bxd4 a6 14. a4 Rc6 15. Qd2 Rfc8 16. a5 Re8 17. Na4 Qd8 18. Nb6 Nd7 19. Bxg7 Kxg7 20. Nd5 Kg8 21. Rfd1 Nc5 22. Qc3 Ne6 23. b4 Nc7 24. Nb6 Na8 25. Nd5 Nc7 26. Ne3 Qc8 27. Qb2 Ne6 28. b5 axb5 29. cxb5 Rc3 30. Nd5 Rc2 31. Qb4 Qc5+ 32. Qxc5 Rxc5 33. a6 bxa6 34. bxa6 Nc7 35. a7 Ra8 36. Nb6 Rxa7 37. Rxa7 Rc2 38. h4 Ne6 39. Rxe7 Nf4 40. Rxd6 Rxg2+ 41. Kf1 Rb2 42. Nd5 1-0


[Site "https://www.chess.com"]

[Event "Titled Tuesday Blitz November 07 Late 2023"]
[White "Bongo Akanga Ndjila, Barthelemy"]
[Black "Minina, Veronika"]
[WhiteFideId "10609431"]
[BlackFideId "4174780"]
[WhiteElo "2017"]
[BlackElo "2285"]
[Result "0-1"]
[Round "6"]
[TimeControl "180+1"]
[Date "2023.11.07"]
[WhiteClock "0:00:38"]
[BlackClock "0:00:03"]
[Board "131"]

1. d4 Nf6 2. c4 g6 3. Nc3 Bg7 4. e4 d6 5. Be2 O-O 6. Nf3 Bg4 7. Ng1 Bxe2 8. Ngxe2 c5 9. d5 Na6 10. O-O Nc7 11. f4 a6 12. a4 b5 13. axb5 axb5 14. Rxa8 Qxa8 15. cxb5 Rb8 16. Qd3 Qa5 17. e5 Nd7 18. exd6 exd6 19. f5 Nxb5 20. fxg6 hxg6 21. Bf4 Ne5 22. Bxe5 Bxe5 23. Qf3 Rb7 24. Ne4 Kg7 25. N2g3 Nd4 26. Qg4 Rxb2 27. Nh5+ Kg8 28. Qc8+ Kh7 29. Rxf7+ Kh6 30. Nhg3 Rb1+ 31. Nf1 Rxf1+ 32. Rxf1 Ne2+ 33. Kh1 Nf4 34. Qg4 Qa2 35. g3 Qg2# 0-1


[Site "https://www.chess.com"]

[Event "Titled Tuesday Blitz November 07 Late 2023"]
[White "Desideri, Ricardo Maruchi"]
[Black "De Souza, Cristiano Gomes"]
[WhiteFideId "2110440"]
[BlackFideId "2151758"]
[WhiteElo "2006"]
[BlackElo "2278"]
[Result "0-1"]
[Round "6"]
[TimeControl "180+1"]
[Date "2023.11.07"]
[WhiteClock "0:00:01"]
[BlackClock "0:01:22"]
[Board "132"]

1. e4 c5 2. Nf3 d6 3. d4 cxd4 4. Nxd4 Nf6 5. Nc3 g6 6. Be3 Bg7 7. h4 h5 8. f3 O-O 9. Bc4 Nc6 10. Qd2 a5 11. O-O-O a4 12. a3 Qa5 13. g4 Bd7 14. Rdg1 Rfc8 15. Ba2 Ne5 16. gxh5 Nxh5 17. Bh6 Rxc3 18. Qxc3 Qxc3 19. bxc3 Bxh6+ 20. Kb1 Kh7 21. Bd5 Bc6 22. Ba2 Nxf3 23. Nxf3 Bxe4 24. Ng5+ Bxg5 25. hxg5 Bxh1 26. Rxh1 Kg7 27. Rf1 Rf8 28. Kc1 Ng3 29. Rf3 Ne4 30. Kd1 Nxg5 31. Rg3 Ne4 32. Rf3 f5 33. Ke2 Rc8 34. c4 d5 35. Kd3 dxc4+ 36. Bxc4 Rxc4 0-1


[Site "https://www.chess.com"]

[Event "Titled Tuesday Blitz November 07 Late 2023"]
[White "Molina, Jessica"]
[Black "Dodaro, Mattia"]
[WhiteFideId "3303888"]
[BlackFideId "28583400"]
[WhiteElo "1995"]
[BlackElo "2256"]
[Result "0-1"]
[Round "6"]
[TimeControl "180+1"]
[Date "2023.11.07"]
[WhiteClock "0:01:50"]
[BlackClock "0:02:23"]
[Board "133"]

1. d4 a6 2. Nf3 b5 3. Bf4 Bb7 4. e3 Nf6 5. Be2 g6 6. O-O Bg7 7. c4 bxc4 8. Bxc4 O-O 9. Nc3 d6 10. Rc1 Nbd7 11. Qc2 c5 12. Be2 Rc8 13. Qd2 Qb6 14. b3 cxd4 15. Nxd4 e5 16. Na4 Qa7 17. Nf3 exf4 18. exf4 Ne4 19. Qd3 Rxc1 20. Rxc1 Nxf2 21. Qb1 Nh3+ 22. Kh1 Qg1+ 0-1


[Site "https://www.chess.com"]

[Event "Titled Tuesday Blitz November 07 Late 2023"]
[White "Smirnov, Timofey"]
[Black "Vargas, Mauricio"]
[WhiteFideId "24176427"]
[BlackFideId "4404572"]
[WhiteElo "2133"]
[BlackElo "1852"]
[Result "0-1"]
[Round "6"]
[TimeControl "180+1"]
[Date "2023.11.07"]
[WhiteClock "0:00:08"]
[BlackClock "0:00:22"]
[Board "134"]

1. d4 d5 2. Bf4 h5 3. Nf3 Bg4 4. e3 e5 5. dxe5 Bxf3 6. gxf3 g5 7. Bxg5 Qxg5 8. Qxd5 c6 9. Qd4 Nd7 10. Nc3 Bc5 11. Qe4 Qxe5 12. Qa4 O-O-O 13. O-O-O Kb8 14. Ne4 Be7 15. Bh3 Ngf6 16. Nxf6 Nxf6 17. f4 Qc7 18. Rhg1 Rxd1+ 19. Rxd1 Rd8 20. Rg1 Nd5 21. c3 Nb6 22. Qe4 Qd6 23. Qh7 Qd2+ 24. Kb1 Qd3+ 25. Kc1 Qxh7 0-1


[Site "https://www.chess.com"]

[Event "Titled Tuesday Blitz November 07 Late 2023"]
[White "Elbebiber"]
[Black "Dias, Joao Batista"]
[BlackFideId "2108240"]
[WhiteElo "2101"]
[BlackElo "1971"]
[Result "1-0"]
[Round "6"]
[TimeControl "180+1"]
[Date "2023.11.07"]
[WhiteClock "0:00:36"]
[BlackClock "0:01:07"]
[Board "135"]

1. d4 d5 2. Nf3 Nc6 3. Bf4 Nf6 4. e3 g6 5. h3 Bg7 6. Be2 O-O 7. O-O Re8 8. c4 e6 9. Nc3 Ne4 10. Nxe4 dxe4 11. Nd2 f5 12. a3 e5 13. dxe5 Nxe5 14. Qc2 Be6 15. Rfd1 Qe7 16. Rac1 Rad8 17. Nb3 Nd3 18. Bxd3 exd3 19. Qd2 c5 20. Re1 b6 21. Rcd1 Qf6 22. Bg3 Bxc4 23. Nc1 Qxb2 24. Bc7 Rd7 25. Bf4 Ba6 26. e4 fxe4 27. f3 c4 28. fxe4 c3 29. Qxb2 cxb2 30. Nb3 Bc3 31. Rf1 Rxe4 32. Bd2 Bg7 33. Bb4 Bc4 34. Nd2 Bd4+ 35. Kh1 a5 36. Nxe4 axb4 37. axb4 d2 38. Nf6+ Kg7 39. Nxd7 Bxf1 40. Rxf1 Bf2 41. Rd1 Kf7 42. Ne5+ Ke6 43. Nc4 Be1 44. Nxb2 Kd5 45. Nd3 Kd4 46. Nxe1 Ke3 47. Nf3 Ke2 48. Rxd2+ Kf1 49. Rd6 1-0


[Site "https://www.chess.com"]

[Event "Titled Tuesday Blitz November 07 Late 2023"]
[White "Freeeeeeeeeeeeeeeeee"]
[Black "Milosevic, Milos"]
[BlackFideId "964875"]
[WhiteElo "2019"]
[BlackElo "2496"]
[Result "0-1"]
[Round "6"]
[TimeControl "180+1"]
[Date "2023.11.07"]
[WhiteClock "0:00:00"]
[BlackClock "0:00:13"]
[Board "136"]

1. e4 g6 2. d3 Bg7 3. Nc3 c5 4. g3 Nc6 5. Bg2 d6 6. Nge2 Bd7 7. O-O Qc8 8. Be3 h5 9. h4 Bh3 10. d4 cxd4 11. Nxd4 Nf6 12. f3 Ne5 13. Qe1 Nc4 14. Bc1 Bd7 15. b3 Qc5 16. bxc4 Qxd4+ 17. Be3 Qxc4 18. Rb1 Ng4 19. Bd2 Rc8 20. fxg4 Bxc3 21. Bxc3 Qxc3 22. Qf2 Be6 23. gxh5 gxh5 24. Rxb7 Rg8 25. Qxa7 Rxg3 26. Rxe7+ Kd8 27. Rf2 Qc5 28. Qxc5 Rxc5 29. Ra7 Rg4 30. Kh2 Rxh4+ 31. Kg3 Rg4+ 32. Kh2 Rc3 33. Ra8+ Kc7 34. Rf3 Rxc2 35. Ra7+ Kb6 0-1


[Site "https://www.chess.com"]